AoeStats
← [JaMx] EdBarto

Arabia

509393807Analyzed
4v4 RM · 6d ago on Sep 26, 2026· 26m 8s· 8 players
Game mode
Random Map
Map size
Large (8 player)
Population
200
Speed
Normal
Resources
Standard
Victory
Conquest
Starting age
Dark Age
Ending age
Imperial Age
RankedLock teamsTeams togetherTeam positionsShared explorationLock speedFull tech treeHidden civsTurbo modeCheats
Victory
Defeat
🇨🇳 Ethiopians · China
1603
+11
🇨🇳 Persians · China
1541
+13
🇨🇳 Varangians · China
1511
+14
🇨🇳 Britons · China
1322
+22
🇫🇷 Maya · France
1516
-17
🇧🇷 Burgundians · Brazil
1479
-15
🇫🇷 Lithuanians · France
1456
-14
🇲🇽 Ethiopians · Mexico
1454
-14
Newlife
9:26 Feudal Age
10:05 Loom
10:07 Double-Bit Axe
11:31 Wheelbarrow
12:03 Horse Collar
12:36 Bow Saw
21:39 Castle Age
20:08 Scale Barding Armor
20:52 Forging
23:10 Chain Barding Armor
25:44 Husbandry
NSK.Kalupso
5:58 Loom
8:37 Feudal Age
11:47 Double-Bit Axe
14:27 Scale Barding Armor
17:55 Wheelbarrow
20:50 Castle Age
19:15 Forging
20:37 Gold Mining
20:59 Bloodlines
22:00 Husbandry
26:35 Chain Barding Armor
JOK3R_LSR
0:30 Loom
8:40 Feudal Age
9:16 Double-Bit Axe
[JaMx] EdBarto
8:46 Feudal Age
8:19 Loom
10:23 Double-Bit Axe
14:41 Fletching
15:49 Padded Archer Armor
25:56 Castle Age
25:59 Horse Collar
26:11 Stone Mining
26:11 Gold Mining
柠檬头的喜悦
6:09 Loom
9:00 Feudal Age
9:26 Double-Bit Axe
17:03 Bloodlines
18:04 Scale Barding Armor
18:07 Horse Collar
22:17 Castle Age
21:06 Forging
20:55 Gold Mining
23:15 Wheelbarrow
22:59 Bow Saw
23:42 Gold Shaft Mining
23:23 Husbandry
民办大A
6:44 Loom
9:21 Feudal Age
10:41 Fletching
10:37 Double-Bit Axe
14:24 Padded Archer Armor
18:57 Horse Collar
27:19 Castle Age
赶脚的柠檬头
7:17 Loom
9:17 Feudal Age
10:07 Double-Bit Axe
11:51 Bloodlines
12:13 Horse Collar
17:13 Scale Barding Armor
21:36 Castle Age
20:30 Forging
21:40 Light Cavalry
22:41 Chain Barding Armor
23:55 Iron Casting
25:40 Wheelbarrow
26:09 Husbandry
Daily
6:29 Loom
8:54 Feudal Age
11:44 Fletching
19:55 Wheelbarrow
23:56 Castle Age
22:49 Padded Archer Armor
22:40 Double-Bit Axe
23:55 Gold Mining
24:32 Crossbowman
25:08 Bodkin Arrow
25:44 Thumb Ring
Connection lost

Rejoining the realm…

Still unreachable

The connection could not be restored.

Session expired

The server has moved on; the page needs a fresh start.